 Dungeon Crawl Stone Soup version 0.23-a0-449-g8e4cbf7 (webtiles) character file.

91 Lavandula the Magician (level 4, -1/36 HPs)
             Began as a Naga Air Elementalist on Nov 22, 2018.
             Killed by divine providence
             ... invoked by an orc priest
              (16 damage)
             ... on level 5 of the Dungeon.
             The game lasted 00:02:21 (552 turns).

Lavandula the Magician (Naga Air Elementalist)       Turns: 552, Time: 00:02:22

Health: -1/36      AC:  2    Str: 10    XL:     4   Next: 57%
Magic:  2/9        EV: 10    Int: 17    God:
Gold:   27         SH:  0    Dex: 11    Spells: 4/10 levels left

rFire    . . .     SeeInvis +   f - +10 falchion of Doquesui {slice, rN++}
rCold    . . .     Gourm    .   (no shield)
rNeg     + + .     Faith    .   a - +0 robe
rPois    +         Spirit   .   (no helmet)
rElec    .         Reflect  .   (no cloak)
rCorr    .         Harm     .   (no gloves)
MR       .....                  (no barding)
Stlth    ++........             (no amulet)
HPRegen  0.12/turn              (no ring)
MPRegen  0.11/turn              (no ring)

@: very slow
A: large, see invisible, deformed body, poison resistance, slowness 2, slow
metabolism 1, spit poison 1, AC +1
a: Spit Poison


You were on level 5 of the Dungeon.
You were not hungry.

You visited 1 branch of the dungeon, and saw 5 of its levels.

You collected 27 gold pieces.

Inventory:

Hand Weapons
 f - the +10 falchion of Doquesui (weapon) {slice, rN++}
   (You found it on level 4 of the Dungeon)

   It inflicts extra damage upon your enemies.
   It greatly protects you from negative energy.
Armour
 a - a +0 robe (worn)
Scrolls
 b - a scroll of identify {unknown}
 d - a scroll of teleportation {unknown}
 g - a scroll of enchant weapon {unknown}
Potions
 e - a potion of flight {unknown}
Comestibles
 c - a ration


   Skills:
 + Level 1.6 Long Blades
 - Level 1.5 Dodging
 - Level 3.0 Stealth
 - Level 3.8 Spellcasting
 - Level 1.0 Conjurations
 - Level 3.1 Air Magic


You had 4 spell levels left.
You knew the following spells:

 Your Spells              Type           Power        Failure   Level  Hunger
a - Shock                 Conj/Air       ##..         7%          1    None
b - Swiftness             Chrm/Air       #.......     13%         2    ##.....
c - Static Discharge      Conj/Air       ##......     21%         3    ###....

Your spell library contained the following spells:

 Spells                   Type           Power        Failure   Level  Hunger
 Airstrike                Air            ##........   41%         4    ####...
 Lightning Bolt           Conj/Air       ##........   88%         5    ######.


Dungeon Overview and Level Annotations

Branches:
Dungeon (5/15)
 Temple: D:4-7

Altars:

Annotations:
D:2 Terence
D:5 Dowan


Innate Abilities, Weirdness & Mutations

You cannot wear boots.
Your serpentine skin is tough. (AC +1)
You have supernaturally acute eyesight. (SInv)
Armour fits poorly on your strangely shaped body.
Your system is resistant to poisons. (rPois)
You cover ground very slowly.
You have a slow metabolism.
You can spit poison.


Message History

Casting: Shock (safe; 7% risk of failure)
Confirm with . or Enter, or press ? or * to list all spells.
Aiming: Shock (safe; 7% risk of failure)
Press: ? - help, Shift-Dir - straight line The zap hits the orc wizard.
You kill the orc wizard!
Your Long Blades skill increases to level 1!
The zap hits the orc.
The orc is severely wounded.
The zap hits the orc priest.
The orc priest is almost dead.
Dowan, Brother of Duvessa comes into view.
He is wielding a +0 dagger and
Casting: Shock (safe; 7% risk of failure)
Confirm with . or Enter, or press ? or * to list all spells.
Aiming: Shock (safe; 7% risk of failure)
Press: ? - help, Shift-Dir - straight line The zap misses the orc.
The zap misses the orc priest.
The orc priest mumbles some strange prayers to Beogh against you.
Beogh smites you!
You die...

# #.
e#
.###
..#
#.#
#@#
#.#
..#
##o#
#)#
.o#
#.#
#.#


You could see Dowan, an orc priest and an orc.

Vanquished Creatures
  A scorpion (D:4)
  An orc wizard (D:5)
  4 orcs
  A hobgoblin (D:1)
  4 jackals (D:3)
  A rat (D:3)
12 creatures vanquished.

Notes
Turn   | Place    | Note
-------+----------+-------------------------------------------
     0 | D:1      | Lavandula the Naga Air Elementalist began the quest for the
                  | Orb.
     0 | D:1      | Reached XP level 1. HP: 15/15 MP: 3/3
    17 | D:2      | Noticed a phantom
    23 | D:2      | Noticed a worker ant
    30 | D:2      | Noticed Terence
   306 | D:3      | Reached XP level 2. HP: 12/22 MP: 0/5
   375 | D:4      | Noticed a scorpion
   399 | D:4      | Noticed a scorpion
   410 | D:4      | Killed a scorpion
   410 | D:4      | Reached XP level 3. HP: 5/28 MP: 0/8
   414 | D:4      | Learned a level 2 spell: Swiftness
   418 | D:4      | Learned a level 3 spell: Static Discharge
   496 | D:4      | Reached XP level 4. HP: 17/36 MP: 5/9
   521 | D:4      | Got a bloodstained falchion
   522 | D:4      | Identified the +10 falchion of Doquesui {slice, rN++} (You
                  | found it on level 4 of the Dungeon)
   545 | D:5      | Entered Level 5 of the Dungeon
   551 | D:5      | Reached skill level 1 in Long Blades
   551 | D:5      | Noticed Dowan
   552 | D:5      | Killed from afar by an orc priest

Vault maps used:
D:1:      minmay_arrival_up_and_down, minivault_27
D:2:      uniq_terence
D:3:      uniq_jessica
D:4:      minmay_evil_eye, minmay_temple_entry_drinking_statues,
          corexii_corridor_pit
D:5:      first_ration, fedhas_altar_fruit_tree, uniq_duvessa

Skill      XL: |  1  2  3  4 |
---------------+-------------+-----
Spellcasting   | 3 |  3.8
Long Blades    | 1 |  1.6
Dodging        | |  1.5
Stealth        | |  3.0
Conjurations   | |  1.0
Air Magic      | |  3.1

Action                   |  1- 3 |  4- 6 || total
-------------------------+-------+-------++-------
Melee: Unarmed           |     5 |     1 ||     6
 Cast: Shock             |    14 |    11 ||    25
 Abil: Spit Poison       |     6 |     1 ||     7
Armor: Robe              |     4 |       ||     4
Dodge: Dodged            |     8 |     2 ||    10

Table legend:
 A = Non-vault XP
 B = Vault XP
 C = Vault XP percentage of total XP
 D = Non-vault monster count
 E = Vault monster count
 F = Vault count percentage of total count
                 A         B        C        D         E       F
            +---------+---------+-------+---------+---------+-------
      Total |     130 |       0 |   0.0 |      12 |       0 |   0.0
            +---------+---------+-------+---------+---------+-------
        D:1 |       2 |       0 |   0.0 |       1 |       0 |   0.0
        D:3 |      12 |       0 |   0.0 |       6 |       0 |   0.0
        D:4 |      73 |       0 |   0.0 |       3 |       0 |   0.0
        D:5 |      43 |       0 |   0.0 |       2 |       0 |   0.0
            +---------+---------+-------+---------+---------+-------
